 Dungeon Crawl Stone Soup version 0.30-a0-760-g5a9884bb7c (webtiles) character file.

Game seed: 8921009988194519179

49 funkygono the Firebug (level 3, -6/19 HPs)
             Began as a Gargoyle Fire Elementalist on Feb 10, 2023.
             Blown up by Ijyb (18 damage)
             ... with a mindburst bolt
             ... on level 2 of the Dungeon.
             The game lasted 00:02:10 (1378 turns).

funkygono the Firebug (Gargoyle Fire Elementalist)  Turns: 1378, Time: 00:02:10

Health: -6/19      AC:  5    Str: 11    XL:     3   Next: 75%
Magic:  1/7        EV: 12    Int: 17    God:
Gold:   12         SH:  0    Dex: 10    Spells: 4/7 levels left

rFire   . . .      SeeInvis .    f - +0 whip
rCold   . . .      Faith    .    (no shield)
rNeg    + . .      Spirit   .    a - +0 robe
rPois   ∞          Reflect  .    (no helmet)
rElec   +          Harm     .    (no cloak)
rCorr   .          Rampage  .    (no gloves)
Will    .....                    (no boots)
Stlth   ++                       (no amulet)
HPRegen 0.23/turn                (no ring)
MPRegen 0.10/turn                (no ring)

@: no status effects
A: sickness immunity, AC +3, negative energy resistance 1, electricity
resistance, torment resistance 1, petrification resistance
a: no special abilities


You were on level 2 of the Dungeon.
You visited 1 branch of the dungeon, and saw 2 of its levels.

You collected 12 gold pieces.

Inventory:

Hand Weapons
 c - a +0 mace
 f - a +0 whip (weapon)
Armour
 a - a +0 robe (worn)
Magical Staves
 e - a staff of earth
Scrolls
 d - a scroll of brand weapon {unknown}
Potions
 b - 2 potions of magic
 g - a potion of cancellation {unknown}
 h - a potion of brilliance {unknown}


   Skills:
 + Level 1.8 Dodging
 - Level 2.1 Stealth
 + Level 2.6 Spellcasting
 + Level 1.5 Conjurations
 + Level 3.8 Fire Magic


You had 4 spell levels left.
You knew the following spells:

 Your Spells              Type           Power      Damage    Failure   Level
a - Foxfire               Conj/Fire      44%        2x1d6     6%          1
b - Scorch                Fire           30%        2d6       6%          2

Your spell library contained the following spells:

 Spells                   Type           Power      Damage    Failure   Level
 Inner Flame              Hex/Fire       8%         N/A       26%         3
 Kindle Blastsparks       Fire/Tloc/Air  12%        2d11      32%         3
 Flame Wave               Conj/Fire      11%        2d6       52%         4


Dungeon Overview and Level Annotations

Branches:
Dungeon (2/15)

Altars:
Trog

Annotations:
D:2 Ijyb


Innate Abilities, Weirdness & Mutations

You are immune to sickness and miasma.
Your stone body is resilient. (AC +3)
You are immune to poison.
You resist negative energy. (rN+)
You are resistant to electric shocks. (rElec)
You are resistant to unholy torment.
You are immune to petrification.


Message History

The goblin is severely wounded.
Casting: Foxfire (safe; 6% risk of failure)
Confirm with . or Enter, or press ? or * to list all spells.
You conjure some foxfire!
The foxfire hits the goblin.
You kill the goblin!
The foxfire hits the goblin.
You kill the goblin!
The foxfire hits the goblin.
You kill the goblin!
Unknown command.
A goblin comes into view. It is wielding a +0 dagger.
The foxfire hits the goblin.
You kill the goblin!
The foxfire hits Ijyb.
Ijyb is lightly wounded.
The goblin shouts!
Casting: Foxfire (safe; 6% risk of failure)
Confirm with . or Enter, or press ? or * to list all spells.
You conjure some foxfire!
Casting: Foxfire (safe; 6% risk of failure)
Confirm with . or Enter, or press ? or * to list all spells.
You conjure some foxfire!
The foxfire hits the goblin.
You kill the goblin!
The foxfire hits the goblin.
The goblin is heavily wounded.
Unknown command.
Ijyb screams, "I dance on your bones!"
You see here a quokka corpse.
Casting: Foxfire (safe; 6% risk of failure)
Confirm with . or Enter, or press ? or * to list all spells.
You conjure some foxfire!
Ijyb zaps a wand.
Your mind is blasted!
Ijyb screams, "No!
No, no, no, no!"
The foxfire hits Ijyb.
Ijyb is moderately wounded.
The foxfire hits Ijyb.
Ijyb is moderately wounded.
Ijyb zaps a wand.
Your mind is blasted!
Ouch! That really hurt!
You die...

..#.######### #.#
.## #(......#
#.##### .#
#.......# #.....#
.#
#.......####.###.#
..
#.......#........#
.#
#......)#.##.#...#
##
#................#
#.......#.##§#..##
#########...@§..#
####.§#.# #§#.##
#†### ##.####g####
.......g...#####
#####
.#.####..#.8.8.8
#.... #...v)).).
#####
.....<.#.g).)..


You could see Ijyb and a goblin.

Vanquished Creatures
  An adder (D:2)
  A dart slug (D:1)
  A worm (D:2)
  2 endoplasms (D:1)
  A giant cockroach (D:1)
  2 hobgoblins (D:1)
  4 jackals (D:2)
  2 kobolds (D:1)
  3 quokkas
  2 ball pythons
  A bat (D:1)
  2 frilled lizards
  6 goblins (D:2)
  4 rats
32 creatures vanquished.

Vanquished Creatures (collateral kills)
  A foxfire (D:1)
1 creature vanquished.

Vanquished Creatures (others)
  99 foxfires
  5 toadstools (D:1)
104 creatures vanquished.

Grand Total: 137 creatures vanquished

Notes
Turn   | Place    | Note
-------+----------+-------------------------------------------
     0 | D:1      | funkygono the Gargoyle Fire Elementalist began the quest
                  | for the Orb.
     0 | D:1      | Reached XP level 1. HP: 10/10 MP: 3/3
   222 | D:1      | Reached XP level 2. HP: 15/15 MP: 0/5
   225 | D:1      | Learned a level 2 spell: Scorch
   938 | D:2      | Reached XP level 3. HP: 19/19 MP: 2/6
  1112 | D:2      | Found a bloodstained altar of Trog.
  1222 | D:2      | Found a faded altar of an unknown god.
  1365 | D:2      | Noticed Ijyb
  1378 | D:2      | Blown up by Ijyb

Illustrated notes

Levels and vault maps discovered:
D:1:      ldierk_walled_garden, layout_basic
D:2:      kennysheep_the_goblin_king, layout_loops_cross,
          nicolae_ecumenical_pavilion, basic_altar, grunt_ministairs_11

Action                     || total
---------------------------++-------
  Melee: Mace              ||     2
   Cast: Foxfire           ||    59
         Scorch            ||     2
 Armour: Robe              ||     3
  Dodge: Dodged            ||     8

Table legend: (Time is in decaauts)
 A = Elapsed time spent in this place.
 B = Non-inter-level travel time spent in this place.
 C = Inter-level travel time spent in this place.
 D = Time resting spent in this place.
 E = Time spent auto-exploring this place.
 F = Levels seen in this place.
 G = Mean time per level.
                   A        B        C        D        E       F      G
               +--------+--------+--------+--------+--------+-----+--------+
         Total |   1378 |   1373 |      5 |      0 |   1078 |   2 |  689.0 |
       Dungeon |   1378 |   1373 |      5 |      0 |   1078 |   2 |  689.0 |
               +--------+--------+--------+--------+--------+-----+--------+

Top non-repeatable levels by time:
     D:1: 932 daAuts
     D:2: 445 daAuts
